 Dungeon Crawl Stone Soup version 0.19-a0-1740-g0bcaf2e (webtiles) character file.

5144 Alarkh the Carver (level 10, 0/63 HPs)
             Began as a Mummy Necromancer on Oct 2, 2016.
             Was a Believer of Okawaru.
             Slain by a yak (14 damage)
             ... on level 8 of the Dungeon.
             The game lasted 00:16:01 (8612 turns).

Alarkh the Carver (Mummy Necromancer)               Turns: 8612, Time: 00:16:03

Health: 0/63       AC:  4    Str: 11    XL:     10   Next: 33%
Magic:  9/19       EV: 12    Int: 19    God:    Okawaru [**....]
Gold:   435        SH:  0    Dex: 12    Spells: 3 memorised, 13 levels left

rFire  x . .     SeeInvis +     b - +0 long sword
rCold  + . .     Gourm    .     c - +0 robe
rNeg   + + +     Faith    .     (no shield)
rPois  ∞         Spirit   .     f - +0 helmet
rElec  .         Dismiss  .     p - +0 cloak
rCorr  .         Reflect  .     (no gloves)
MR     +....     Harm     .     (no boots)
Stlth  +++.......               (no amulet)
                                E - ring of stealth
                                w - ring of see invisible

@: no status effects
A: no food or potions, fire vulnerability, cold resistance 1, negative energy
resistance 3, torment resistance, unbreathing
a: Heroism, Renounce Religion


You were on level 8 of the Dungeon.
You worshipped Okawaru.
Okawaru was pleased with you.
You were not hungry.

You visited 2 branches of the dungeon, and saw 9 of its levels.

You collected 435 gold pieces.

Inventory:

Hand Weapons
 a - a +2 dagger of pain
 b - a +0 long sword (weapon)
 k - a +2 dagger of venom
 s - a +3 quarterstaff of chaos
Armour
 c - a +0 robe (worn)
 f - a +0 helmet (worn)
 p - a +0 cloak (worn)
Magical Staves
 x - an uncursed staff of summoning
Jewellery
 d - a +4 ring of intelligence
 j - an uncursed amulet of harm
 n - an uncursed ring of teleportation
 w - a ring of see invisible (left hand)
 C - an uncursed ring of resist corrosion
 D - a +5 ring of strength
 E - a ring of stealth (right hand)
Wands
 e - a wand of lightning (7/15)
 h - a wand of lightning (0/15)
 m - a wand of flame (32/48)
 r - a wand of confusion (29/48)
 t - a wand of lightning (0/15)
 u - a wand of random effects (22/48)
 v - a wand of digging (9/24)
 z - a wand of random effects (24/48)
 F - a wand of random effects (16/48)
 G - a wand of slowing (14/48)
Scrolls
 g - a scroll of amnesia
 i - 4 scrolls of magic mapping
 l - a scroll of random uselessness
 q - 2 scrolls of blinking
 y - a scroll of enchant weapon {unknown}
 A - a scroll of enchant armour {unknown}
 B - a scroll of fog {unknown}
Books
 o - a book of Necromancy

   Spells                             Type                      Level
   a - Pain                           Necromancy                   1
   b - Animate Skeleton               Necromancy                   1
   c - Vampiric Draining              Necromancy                   3
   d - Regeneration                   Charms/Necromancy            3
   e - Animate Dead                   Necromancy                   4
   f - Control Undead                 Necromancy                   4


   Skills:
 + Level 10.4 Long Blades
 - Level 1.5 Dodging
 - Level 1.5 Stealth
 - Level 6.2 Spellcasting
 - Level 7.4 Necromancy


You had 13 spell levels left.
You knew the following spells:

 Your Spells              Type           Power        Failure   Level  Hunger
a - Vampiric Draining     Necr           ####......   1%          3    N/A
b - Pain                  Necr           ####         1%          1    N/A
c - Control Undead        Necr           ####......   6%          4    N/A

Dungeon Overview and Level Annotations

Branches:
Dungeon (8/15)             Temple (1/1) D:7            Lair (0/6) D:8

Altars:
Ashenzari
Cheibriados
Dithmenos
Elyvilon
Fedhas
Hepliaklqana
Kikubaaqudgha
Makhleb
Nemelex Xobeh
Okawaru
Qazlal
Ru
Sif Muna
Trog
Uskayaw
Vehumet
Xom
Yredelemnul
Zin
The Shining One
Jiyva


Innate Abilities, Weirdness & Mutations

You do not eat or drink.
Your flesh is vulnerable to fire.
You are immune to poison.
Your flesh is cold resistant. (rC+)
You are immune to negative energy. (rN+++)
You are immune to unholy pain and torment.
You can survive without breathing.


Message History

Zapping:
h - a wand of lightning {zapped: 10} (will waste charges)
Press: ? - help, Shift-Dir - straight line, f/p - yak
Aim: a yak (almost dead) Nothing appears to happen.
The yak barely misses you.
Evoke which item? (* to show all) (? for menu, Esc to quit)
Zapping:
t - a wand of lightning {zapped: 7} (will waste charges)
Press: ? - help, Shift-Dir - straight line, f/p - yak
Aim: a yak (almost dead)
You hear a mighty clap of thunder!
The bolt of lightning misses the yak.
The bolt of lightning hits the yak.
You kill the yak!
Okawaru accepts your kill.
The bolt of lightning hits the yak.
The yak is severely wounded.
The bolt of lightning hits the crocodile.
You kill the crocodile!
Okawaru accepts your kill.
Evoking this partially-identified wand wasted a few charges.
The yak gores you!
You die...

.###........#.# #.#
.# #...#....#.# #.#
.# #...#....#.# #.#
.# #..........# #.#
.###....÷<#.#####.#
.....>.#Y##....##.#
.......r.......##.#
######.#.########.##
#r#.....Y.Y@..#
######t#############
...........#
...........#
...........#
...........#
...........#
...........#
...........#


You could see 2 yaks.

Vanquished Creatures
  Pikel (D:6)
  3 yaks (D:8)
  A hungry ghost (D:8)
  A steam dragon (D:7)
  4 porcupines (D:8)
  2 sky beasts
  A black bear (D:6)
  A phantom (D:8)
  An orc warrior (D:6)
  2 ice beasts
  2 ogres
  4 crocodiles (D:8)
  4 centaurs
  2 bullfrogs
  6 scorpions
  6 killer bees (D:7)
  A howler monkey (D:7)
  A centaur zombie (D:7)
  2 crimson imps
  2 bullfrog zombies
  3 hounds
  7 jellies
  A centaur skeleton (D:5)
  Crazy Yiuf (D:3)
  13 orc wizards
  2 iguanas
  8 worker ants
  A killer bee zombie (D:7)
  A hound skeleton (D:4)
  11 gnolls
  9 adders
  4 river rats (D:8)
  A shadow imp (D:5)
  An ooze (D:1)
  4 worms
  3 adder skeletons
  11 leopard geckos
  33 orcs
  6 giant cockroaches
  9 goblins
  9 hobgoblins
  10 jackals
  3 quokkas
  2 ball pythons
  6 bats
  7 frilled lizards
  A jackal skeleton (D:7)
  9 kobolds
  6 rats
  A fungus (D:3)
230 creatures vanquished.

Vanquished Creatures (others)
  A slave (D:6)
  A quokka (D:7)
  3 bushes (D:8)
  10 plants (D:8)
15 creatures vanquished.

Grand Total: 245 creatures vanquished

Notes
Turn   | Place    | Note
-------+----------+-------------------------------------------
     0 | D:1      | Alarkh the Mummy Necromancer began the quest for the Orb.
     0 | D:1      | Reached XP level 1. HP: 13/13 MP: 3/3
   220 | D:1      | Reached XP level 2. HP: 8/19 MP: 1/5
   802 | D:1      | Reached XP level 3. HP: 24/24 MP: 7/7
   910 | D:1      | Learned a level 3 spell: Vampiric Draining
  1212 | D:2      | Reached XP level 4. HP: 13/30 MP: 0/9
  1295 | D:2      | Learned a level 4 spell: Control Undead
  1627 | D:2      | Found a sacrificial altar of Ru.
  1703 | D:2      | Found a radiant altar of Vehumet.
  1970 | D:3      | Reached skill level 5 in Necromancy
  2109 | D:3      | Reached XP level 5. HP: 9/35 MP: 3/10
  2612 | D:3      | Found a glowing silver altar of Zin.
  2612 | D:3      | Found a glowing golden altar of the Shining One.
  2612 | D:3      | Found a white marble altar of Elyvilon.
  3036 | D:3      | Found a runed door.
  3040 | D:3      | Noticed Crazy Yiuf
  3045 | D:3      | Killed Crazy Yiuf
  3106 | D:4      | Reached XP level 6. HP: 6/41 MP: 1/12
  3814 | D:4      | Reached skill level 5 in Spellcasting
  3949 | D:4      | Reached XP level 7. HP: 30/46 MP: 7/14
  4593 | D:5      | Entered Level 5 of the Dungeon
  5218 | D:4      | Reached skill level 1 in Long Blades
  5226 | D:4      | Reached XP level 8. HP: 50/52 MP: 10/17
  5284 | D:5      | Reached skill level 2 in Long Blades
  5334 | D:5      | Reached skill level 3 in Long Blades
  5492 | D:6      | Reached skill level 4 in Long Blades
  5791 | D:6      | Noticed Pikel
  5810 | D:6      | Killed Pikel
  5810 | D:6      | Reached skill level 6 in Long Blades
  5810 | D:6      | Reached XP level 9. HP: 43/57 MP: 2/18
  6032 | D:6      | Found a hazy altar of Hepliaklqana.
  6600 | D:7      | Reached skill level 7 in Long Blades
  6767 | D:7      | Found a staircase to the Ecumenical Temple.
  6786 | Temple   | Entered the Ecumenical Temple
  7055 | D:7      | Reached skill level 8 in Long Blades
  7233 | D:7      | Found a blossoming altar of Fedhas.
  7235 | D:7      | Found a sparkling altar of Nemelex Xobeh.
  7297 | D:7      | Found a shimmering altar of Xom.
  7297 | D:7      | Found an iron altar of Okawaru.
  7299 | D:7      | Found an ancient bone altar of Kikubaaqudgha.
  7320 | D:7      | Became a worshipper of Warmaster Okawaru
  7673 | D:8      | Found a viscous altar of Jiyva.
  7693 | D:8      | Reached skill level 9 in Long Blades
  7865 | D:8      | Reached * piety under Okawaru
  8100 | D:8      | Reached XP level 10. HP: 43/63 MP: 19/19
  8248 | D:8      | HP: 3/63 [yak (15)]
  8443 | D:8      | Reached skill level 10 in Long Blades
  8451 | D:8      | Reached ** piety under Okawaru
  8540 | D:8      | Found a staircase to the Lair.
  8612 | D:8      | Slain by a yak

Vault maps used:
D:1:      onia_arrival_mini_spirals, item_on_display_a
D:2:      overflow_temple_1_default, nicolae_ru_awakened_eye
D:3:      good_gods_mini_temple, minmay_misc_feat_rugged,
          uniq_crazy_yiuf_cottage
D:4:      grunt_ministairs_9, minmay_misc_feat_pillars, glass_columns_a
D:5:      first_bread
D:6:      marbit_many_paths, uniq_pikel
D:7:      nicolae_overflow_hidden_temple
D:8:      minmay_lair_entry_grove, hangedman_little_slice_of_home,
          jiyva_altar_1, uniq_prince_ribbit1
Temple:   compressed_dpeg_triangle_lava_temple

Skill      XL: |  1  2  3  4  5  6  7  8  9 10 |
---------------+-------------------------------+-----
Spellcasting   | 3 4 5 6 |  6.2
Necromancy     | 5 6 7 |  7.4
Long Blades    | 1 6 9 10 | 10.4
Dodging        | |  1.5
Stealth        | |  1.5

Action                   |  1- 3 |  4- 6 |  7- 9 | 10-12 || total
-------------------------+-------+-------+-------+-------++-------
Melee: Dagger            |    42 |   206 |   180 |       ||   428
       Unarmed           |     7 |       |       |       ||     7
       Quarterstaff      |       |       |     3 |       ||     3
       Long sword        |       |       |   284 |    60 ||   344
 Cast: Pain              |    29 |     3 |     2 |     4 ||    38
       Vampiric Draining |     5 |    32 |    93 |    23 ||   153
Invok: Heroism           |       |       |       |     1 ||     1
Evoke: Wand              |       |       |     4 |     5 ||     9
  Use: Scroll            |       |     3 |     5 |       ||     8
 Stab: Sleeping          |     2 |     4 |     5 |     1 ||    12
       Distracted        |       |       |     1 |     1 ||     2
Armor: Robe              |    11 |    40 |    97 |    13 ||   161
Dodge: Dodged            |    33 |   111 |   291 |    30 ||   465
